 Dungeon Sprint DCSS version 0.31-a0-879-g1609e0ac53 (webtiles) character file.

Game seed: 7473556014093937643

898 rocky1 the Carver (level 8, -3/61 HPs)
             Began as a Djinni Gladiator on Oct 15, 2023.
             Was an Initiate of Gozag.
             Slain by a neqoxec (10 damage)
             ... in the Dungeon (Sprint II: "The Violet Keep of Menkaure").
             The game lasted 00:02:53 (178 turns).

rocky1 the Carver (Djinni Gladiator)                 Turns: 178, Time: 00:02:53

Health: -3/61      AC:  4    Str: 13      XL:     8   Next: 28%
Gold:   288        EV: 16    Int:  6 (8)  God:    Gozag SH:  0 Dex: 13 (15)

rFire   + + .        a - +0 long sword
rCold   x . .        (no shield)
rNeg    . . .        b - +0 leather armour
rPois   ∞            c - +0 helmet
rElec   .            (no cloak)
rCorr   .            (no gloves)
SInv    .            (boots unavailable)
Will    .....        (no amulet)
Stlth   ++           (no ring)
HPRegen 0.30/turn    (no ring)
MPRegen 0.00/turn

%: no teleportation, infuse magic (-4 HP)
@: on berserk cooldown, flying, slowed, very slow
A: sickness immunity, fire resistance 2, cold vulnerability 1, float, innate
caster, HP casting, extra vitality 1, clumsy 1, deterioration 1, dopey 1,
inability to read after injury 1
a: Renounce Religion, Potion Petition, Call Merchant, Bribe Branch


You were in the Dungeon.
You worshipped Gozag.
Gozag was aware of your devotion.
You visited 1 branch You collected 288 gold pieces.

Inventory:

Hand Weapons
 a - a +0 long sword (weapon)
Missiles
 d - 2 throwing nets (quivered)
 e - a javelin
Armour
 b - a +0 leather armour (worn)
 c - a +0 helmet (worn)
Scrolls
 j - a scroll of blinking
Potions
 f - a potion of curing


   Skills:
 * Level 5.9 Fighting
 * Level 10.6 Long Blades
 - Level 3.8 Throwing
 * Level 2.0 Armour
 * Level 10.3 Dodging
 - Level 3.6 Stealth
 * Level 2.5 Spellcasting
 * Level 2.5 Conjurations
 * Level 2.5 Hexes
 * Level 2.5 Summonings
 * Level 2.5 Necromancy
 * Level 2.5 Translocations
 * Level 2.5 Transmutations
 * Level 2.5 Fire Magic
 * Level 2.5 Ice Magic
 * Level 2.5 Air Magic
 * Level 2.5 Earth Magic
 * Level 2.5 Poison Magic


You knew the following spells:

 Your Spells              Type           Power      Damage    Failure   Level
a - Sandblast             Erth           6%         2d5       17%         1
b - Wereblood             Tmut           3%         N/A       26%         2
c - Frozen Ramparts       Ice            6%         1d1       45%         3
Your spell library was empty.

Dungeon Overview and Level Annotations

Branches:
Dungeon (1/1)

Altars:
Cheibriados
Dithmenos
Elyvilon
Fedhas
Gozag
Hepliaklqana
Makhleb
Nemelex Xobeh
Okawaru
Qazlal
Ru
Trog
Uskayaw
Wu Jian
Xom
Yredelemnul
Zin
The Shining One
Jiyva
Lugonu

Shops:
D =(:!?[!!=[:

Annotations:
D exclusion: ice statue, Roxanne


Innate Abilities, Weirdness & Mutations

You are immune to sickness and miasma.
You are immune to poison.
Your flesh is very heat resistant. (rF++)
You are vulnerable to cold. (rC-)
You float through the air rather than walking.
You learn spells naturally, not from books.
Your magical power is your life essence.
You have superior vitality. (+4 MHP)
You are clumsy. (Dex -2)
Your body sometimes deteriorates upon taking damage.
You are dopey. (Int -2)
You occasionally lose the ability to read scrolls when taking damage.


Message History

The neqoxec is severely wounded.
The neqoxec gestures at you.
Strange energies course through your body.
You feel clumsy. The neqoxec hits you!
Your body deteriorates!
You feel clumsy. The neqoxec gestures at you.
Strange energies course through your body.
The neqoxec closely misses you.
You closely miss the neqoxec.
The neqoxec is severely wounded.
The walls and floor vibrate strangely for a moment.
The neqoxec hits you! The neqoxec closely misses you.
You barely miss the neqoxec.
The neqoxec is severely wounded.
The neqoxec misses you. The neqoxec hits you.
You barely miss the neqoxec.
The neqoxec is severely wounded.
The neqoxec hits you.
* * * LOW HITPOINT WARNING * * *
The neqoxec barely misses you. The neqoxec misses you.
The neqoxec barely misses you.
Unknown command.
You slash the neqoxec!
The neqoxec is almost dead.
The neqoxec hits you!
* * * LOW HITPOINT WARNING * * *
Your body deteriorates!
You feel clumsy. The neqoxec barely misses you.
You hit the neqoxec.
The neqoxec is almost dead.
The neqoxec hits you.
* * * LOW HITPOINT WARNING * * *
The neqoxec misses you.
You closely miss the neqoxec.
The neqoxec is almost dead.
The neqoxec hits you but does no damage.
The neqoxec hits you!
You die...
Your body crumbles into a pile of gold.

###.°°..○... #~## .....
########~~#+++#+++##
#######~~~.........#
∩.....#~~~~.##+##..#
.∩....#~~~~## ###.####
.###
∩.∩...#~~~~#.##..#....#
...#
.∩.∩..#~~####33.####..##
#..# ....⌠.#~##
#@###.##..# +..#
.∩.∩..#~# ##.##...#..#
#..# ∩.∩...+~+
+.<.')#.+..####..##
.∩....#~#
##.##...#....###...
▓▓▓▓###~##
#+###.##......~~~~
s######~~###
###~~.....~#†# $ ##~~~#
#~~~~~~~..~#.. #+#~##
##~~~~§~§~§~#..
#~~##+##~~~≈§§~§~~~#..


You could see 2 neqoxecs.

Vanquished Creatures
  A merfolk siren (D)
  2 neqoxecs (D)
  Menkaure (D)
  2 water moccasins (D)
6 creatures vanquished.

Notes
Turn   | Place    | Note
-------+----------+-------------------------------------------
     0 | D        | rocky1 the Djinni Gladiator began the quest for the Orb.
     0 | D        | Reached XP level 1. HP: 18/18 MP: 0/0
     1 | D        | Noticed a merfolk siren
    17 | D        | Killed a merfolk siren
    18 | D        | Reached XP level 2. HP: 27/27 MP: 0/0
    18 | D        | Reached XP level 3. HP: 31/31 MP: 0/0
    18 | D        | Learned a level 1 spell: Sandblast
    18 | D        | Reached XP level 4. HP: 38/38 MP: 0/0
    18 | D        | Reached XP level 5. HP: 42/42 MP: 0/0
    18 | D        | Learned a level 2 spell: Wereblood
    18 | D        | Reached XP level 6. HP: 48/48 MP: 0/0
    27 | D        | Noticed Menkaure
    34 | D        | Killed Menkaure
    35 | D        | Reached skill level 5 in Fighting
    35 | D        | Reached skill level 1 in Spellcasting
    35 | D        | Reached skill level 1 in Conjurations
    35 | D        | Reached skill level 1 in Hexes
    35 | D        | Reached skill level 1 in Summonings
    35 | D        | Reached skill level 1 in Necromancy
    35 | D        | Reached skill level 1 in Translocations
    35 | D        | Reached skill level 1 in Transmutations
    35 | D        | Reached skill level 1 in Fire Magic
    35 | D        | Reached skill level 1 in Ice Magic
    35 | D        | Reached skill level 1 in Air Magic
    35 | D        | Reached skill level 1 in Earth Magic
    35 | D        | Reached skill level 1 in Poison Magic
    35 | D        | Reached XP level 7. HP: 40/54 MP: 0/0
    35 | D        | Learned a level 3 spell: Frozen Ramparts
    36 | D        | Found a snail-covered altar of Cheibriados.
    37 | D        | Found a shadowy altar of Dithmenos.
    38 | D        | Found a white marble altar of Elyvilon.
    38 | D        | Found a viscous altar of Jiyva.
    39 | D        | Found a blossoming altar of Fedhas.
    39 | D        | Found a corrupted altar of Lugonu.
    40 | D        | Found an opulent altar of Gozag.
    40 | D        | Found a burning altar of Makhleb.
    40 | D        | Found a bloodstained altar of Trog.
    41 | D        | Found a sparkling altar of Nemelex Xobeh.
    41 | D        | Found a hide-covered altar of Uskayaw.
    41 | D        | Noticed a water moccasin
    42 | D        | Found a basalt altar of Yredelemnul.
    43 | D        | Found an iron altar of Okawaru.
    43 | D        | Found a glowing silver altar of Zin.
    43 | D        | Found a hazy altar of Hepliaklqana.
    43 | D        | Found a sacrificial altar of Ru.
    43 | D        | Found a shimmering altar of Xom.
    44 | D        | Found a stormy altar of Qazlal.
    44 | D        | Found an ornate altar of the Wu Jian Council.
    44 | D        | Found a glowing golden altar of the Shining One.
    51 | D        | Killed a water moccasin
    55 | D        | Noticed a water moccasin
    56 | D        | Noticed a water moccasin
    58 | D        | Became a worshipper of Gozag Ym Sagoz the Greedy
    78 | D        | Noticed Roxanne
    85 | D        | Found Vihuif's Book Shop.
    87 | D        | Found Urue's Jewellery Shop.
    87 | D        | Found Ceim's Antique Armour Boutique.
    88 | D        | Found Emero's Antique Armour Boutique.
    88 | D        | Found Liumnuu's Magic Scroll Shop.
    89 | D        | Found Cejoefue's Distillery.
    89 | D        | Found Cati Yriumu's Distillery.
    90 | D        | Found Qimeush's Book Boutique.
    90 | D        | Found Machif's Antique Weapon Boutique.
    91 | D        | Found Faroklut's Distillery.
    91 | D        | Noticed a redback
    93 | D        | Found Zumaul's Jewellery Shop.
    94 | D        | Noticed a water moccasin
   109 | D        | Killed a water moccasin
   120 | D        | Noticed an ice statue
   147 | D        | Noticed a neqoxec
   147 | D        | Noticed a neqoxec
   147 | D        | Noticed a neqoxec
   147 | D        | Noticed a neqoxec
   156 | D        | Killed a neqoxec
   157 | D        | Reached skill level 10 in Long Blades
   157 | D        | Reached skill level 1 in Armour
   157 | D        | Reached skill level 10 in Dodging
   157 | D        | Reached XP level 8. HP: 61/61 MP: 0/0
   163 | D        | Gained mutation: Your body sometimes deteriorates upon
                  | taking damage. [a neqoxec]
   163 | D        | Gained mutation: You are dopey. (Int -2) [a neqoxec]
   170 | D        | Gained mutation: You occasionally lose the ability to read
                  | scrolls when taking damage. [a neqoxec]
   172 | D        | Gained mutation: You are clumsy. (Dex -2) [a neqoxec]
   178 | D        | Slain by a neqoxec

Illustrated notes

Levels and vault maps discovered:
D:        the_violet_keep_of_menkaure [sprint2_stairs_cluster_1,
          sprint2_shoproom, sprint2_temple, sprint2_basic_supplies,
          sprint2_obstacle_6, sprint2_obstacle_5, sprint2_obstacle_2,
          sprint2_obstacle_7, sprint2_obstacle_4, sprint2_timed_cluster_1,
          sprint2_smallroom_cluster_1, sprint2_smallroom_final_cluster_1,
          sprint2_transparent_cluster_1, sprint2_second_timed_cluster_1,
          sprint2_sniper_area_1, sprint2_heavy_combat_area_1,
          sprint2_mutation_trap_area_1, sprint2_forest_area_1,
          sprint2_light_combat_area_1, sprint2_behind_water_1,
          sprint2_near_end_vault_1]

Skill      XL: |  1  2  3  4  5  6  7  8 |
---------------+-------------------------+-----
Fighting       | 4 5 |  5.9
Long Blades    | 8 9 10 | 10.6
Throwing       | 3 |  3.8
Dodging        | 8 9 10 | 10.3
Stealth        | 3 |  3.6
Spellcasting   | 1 2 |  2.5
Conjurations   | 1 2 |  2.5
Hexes          | 1 2 |  2.5
Summonings     | 1 2 |  2.5
Necromancy     | 1 2 |  2.5
Translocations | 1 2 |  2.5
Transmutations | 1 2 |  2.5
Fire Magic     | 1 2 |  2.5
Ice Magic      | 1 2 |  2.5
Air Magic      | 1 2 |  2.5
Earth Magic    | 1 2 |  2.5
Poison Magic   | 1 2 |  2.5
Armour         | 1 2 |  2.0

Action                     |  1- 3 |  4- 6 |  7- 9 || total
---------------------------+-------+-------+-------++-------
  Melee: Long sword        |    12 |     5 |    47 ||    64
         Punch             |       |       |     1 ||     1
  Throw: Throwing net      |     2 |       |       ||     2
    Use: Potion            |     1 |     1 |     1 ||     3
   Stab: Held in net/web   |     3 |       |       ||     3
 Armour: Leather armour    |       |     1 |    24 ||    25
  Dodge: Dodged            |       |     1 |    29 ||    30

Table legend: (Time is in decaauts)
 A = Elapsed time spent in this place.
 B = Non-inter-level travel time spent in this place.
 C = Inter-level travel time spent in this place.
 D = Time resting spent in this place.
 E = Time spent auto-exploring this place.
 F = Levels seen in this place.
 G = Mean time per level.
                   A        B        C        D        E       F      G
               +--------+--------+--------+--------+--------+-----+--------+
         Total |    155 |    155 |      0 |      0 |      0 |   1 |  155.0 |
       Dungeon |    155 |    155 |      0 |      0 |      0 |   1 |  155.0 |
               +--------+--------+--------+--------+--------+-----+--------+

Top non-repeatable levels by time:
       D: 155 daAuts
